 Dungeon Crawl Stone Soup version 0.27-a0-1325-g58a489ad9e (webtiles) character file.

Game seed: 13170314697057124770

2928 ipx the Arsonist (level 9, -6/45 HPs)
             Began as a Deep Elf Fire Elementalist on June 25, 2021.
             Splashed by an acid dragon's acid (11 damage)
             ... on level 7 of the Dungeon.
             The game lasted 00:40:05 (2975 turns).

ipx the Arsonist (Deep Elf Fire Elementalist)       Turns: 2975, Time: 00:40:06

Health: -6/45      AC:  4    Str:  5    XL:     9   Next: 50%
Magic:  4/18       EV: 16    Int: 24    God:
Gold:   54         SH:  5    Dex: 15    Spells: 4/18 levels left

rFire    . . .     SeeInvis .   d - scroll of holy word
rCold    . . .     Faith    .   i - +0 buckler
rNeg     . . .     Spirit   .   k - +0 robe
rPois    .         Reflect  .   (no helmet)
rElec    .         Harm     .   v - +0 cloak
rCorr    .         Rampage  .   w - +0 pair of gloves
Will     +....                  (no boots)
Stlth    +++.......             (no amulet)
HPRegen  0.15/turn              E - +4 ring of evasion
MPRegen  0.16/turn              m - ring of willpower

@: no status effects
A: no striking features
a: no special abilities


You were on level 7 of the Dungeon.
You visited 1 branch of the dungeon, and saw 7 of its levels.

You collected 263 gold pieces.
You spent 209 gold pieces at shops.

Inventory:

Hand Weapons
 a - a +1 trident of venom
 b - a +2 rapier of flaming
 q - a +0 rapier of venom
Missiles
 u - a curare-tipped dart (quivered)
 y - 4 throwing nets
Armour
 i - a +0 buckler (worn)
 k - a +0 robe (worn)
 v - a +0 cloak (worn)
 w - a +0 pair of gloves (worn)
Jewellery
 f - an amulet of faith
 m - a ring of willpower (right hand)
 E - a +4 ring of evasion (left hand)
Wands
 x - a wand of digging (4)
Scrolls
 d - a scroll of holy word (in hand)
 e - a scroll of vulnerability
 g - a scroll of acquirement {unknown}
 n - a scroll of fear {unknown}
 p - 2 scrolls of enchant weapon
 r - a scroll of magic mapping {unknown}
Potions
 c - 5 potions of curing
 h - a potion of attraction {unknown}
 j - a potion of lignification {unknown}
 l - a potion of haste {unknown}
 o - 3 potions of cancellation
 s - 2 potions of might
 t - a potion of mutation {unknown}
 z - a potion of brilliance {unknown}
 A - a potion of degeneration
 B - a potion of invisibility


   Skills:
 - Level 2.4 Dodging
 - Level 5.0 Stealth
 - Level 4.0 Shields
 + Level 5.1 Spellcasting
 + Level 8.9 Conjurations
 - Level 1.0 Translocations
 + Level 9.2 Fire Magic


You had 4 spell levels left.
You knew the following spells:

 Your Spells              Type           Power      Damage    Failure   Level
a - Apportation           Tloc           20%        N/A       6%          1
c - Conjure Flame         Conj/Fire      49%        6-21      1%          3
f - Fireball              Conj/Fire      24%        3d11      6%          5
t - Sticky Flame          Conj/Fire      49%        2d7       1%          4
x - Foxfire               Conj/Fire      100%       2x1d9     1%          1

Your spell library contained the following spells:

 Spells                   Type           Power      Damage    Failure   Level
 Inner Flame              Hex/Fire       28%        N/A       4%          3
 Animate Skeleton         Necr           12%        N/A       9%          1
 Corona                   Hex            6%         N/A       9%          1
 Summon Small Mammal      Summ           24%        N/A       9%          1
 Call Imp                 Summ           6%         N/A       13%         2
 Lesser Beckoning         Tloc           5%         N/A       17%         3
 Call Canine Familiar     Summ           6%         N/A       26%         3
 Summon Guardian Golem    Hex/Summ       6%         N/A       26%         3
 Tukima's Dance           Hex            6%         N/A       26%         3
 Summon Ice Beast         Ice/Summ       6%         N/A       65%         4
 Summon Lightning Spire   Summ/Air       6%         N/A       65%         4
 Alistair's Intoxication  Tmut/Pois      4%         N/A       94%         5
 Invisibility             Hex            3%         N/A       100%        6


Dungeon Overview and Level Annotations

Branches:
Dungeon (7/15)
 Temple: D:4-7

Altars:
Fedhas
Makhleb
Ru
Wu Jian
Yredelemnul

Shops:
D:7 !

Annotations:
D:6 exclusion: downstairs
D:7 Dowan, Maggie


Message History

The centaur is lightly wounded.
The centaur shouts!
The foxfire hits the centaur.
The centaur is moderately wounded.
The centaur wields a +0 shortbow.
The centaur shoots an arrow.
The arrow hits you!
You hear a roar!
Casting: Foxfire (safe; 1% risk of failure)
Confirm with . or Enter, or press ? or * to list all spells.
You conjure some foxfire!
The foxfire hits the centaur!
The centaur is severely wounded.
The foxfire hits the centaur.
The centaur is severely wounded.
Casting: Foxfire (safe; 1% risk of failure)
Confirm with . or Enter, or press ? or * to list all spells.
You conjure some foxfire!
The foxfire hits the centaur.
The centaur is almost dead.
The foxfire hits the centaur but does no damage.
The centaur is almost dead.
The centaur shoots an arrow.
The arrow hits you.
Casting: Foxfire (safe; 1% risk of failure)
Confirm with . or Enter, or press ? or * to list all spells.
You conjure some foxfire!
The centaur shoots an arrow.
The arrow hits you!
An acid dragon comes into view.
The foxfire hits the centaur.
You kill the centaur!
Your Spellcasting skill increases to level 5!
Casting: Foxfire (safe; 1% risk of failure)
Confirm with . or Enter, or press ? or * to list all spells.
You conjure some foxfire!
Your foxfire dissipates!
The foxfire hits the acid dragon.
The acid dragon is moderately wounded.
The foxfire hits the acid dragon!
The acid dragon is heavily wounded.
The acid dragon spits acid at you. The splash of acid hits you!
* * * LOW HITPOINT WARNING * * *
You are splashed with acid!
You die...

############ ....§......#
.#.§#§.#...##############
.D.§§§§§.................
$...§§.!@v.####..###.....
......§..v## #..# #.####
.#..#..#..## #..# #.#
...........# #..# #.#
##########.####..# #.# #.
#.).....# #.# #.###
#....##...... #
#..[###..#..#..###. #
#.#.....###....#


You could see an acid dragon (catching breath, ally target).

Vanquished Creatures
  Harold (D:7)
  Eustachio (D:5)
  Menkaure (D:5)
  An ice beast (D:6)
  An orc warrior (D:6)
  5 black bears
  3 necrophages (D:4)
  A centaur (D:7)
  A kobold brigand (D:7)
  2 scorpions
  A bullfrog (D:7)
  2 wights (D:4)
  A centaur zombie (D:7)
  Crazy Yiuf (D:7)
  3 jellies
  A gnoll shaman (D:5)
  A hound (D:5)
  A bullfrog skeleton (D:7)
  3 iguanas
  Natasha (D:3)
  An orc wizard (D:3)
  A hound skeleton (D:4)
  8 gnolls
  11 adders
  An ufetubus (D:5)
  An adder skeleton (D:4)
  2 worms (D:3)
  3 dart slugs
  11 orcs
  7 endoplasms
  3 giant cockroaches
  3 goblins (D:4)
  10 hobgoblins
  7 kobolds
  5 quokkas
  4 ball pythons
  A bat (D:2)
  2 frilled lizards
  5 rats
118 creatures vanquished.

Vanquished Creatures (collateral kills)
  4 foxfires (D:3)
4 creatures vanquished.

Vanquished Creatures (others)
  443 foxfires
  4 plants (D:3)
447 creatures vanquished.

Grand Total: 569 creatures vanquished

Notes
Turn   | Place    | Note
-------+----------+-------------------------------------------
     0 | D:1      | ipx the Deep Elf Fire Elementalist began the quest for the
                  | Orb.
     0 | D:1      | Reached XP level 1. HP: 10/10 MP: 6/6
   319 | D:1      | Reached XP level 2. HP: 15/15 MP: 4/8
   354 | D:1      | Learned a level 1 spell: Apportation
   491 | D:2      | Found a faded altar of an unknown god.
   586 | D:2      | Reached XP level 3. HP: 19/19 MP: 3/9
   590 | D:2      | Learned a level 3 spell: Conjure Flame
   603 | D:2      | Reached skill level 1 in Translocations
   749 | D:3      | Found a blossoming altar of Fedhas.
   749 | D:3      | Found a basalt altar of Yredelemnul.
   759 | D:3      | Reached skill level 4 in Fire Magic
   762 | D:3      | Reached XP level 4. HP: 24/24 MP: 1/10
   875 | D:3      | Noticed Natasha
   890 | D:3      | Killed Natasha
   891 | D:3      | Reached XP level 5. HP: 28/28 MP: 0/11
  1022 | D:3      | Learned a level 4 spell: Sticky Flame
  1067 | D:4      | Noticed a necrophage
  1074 | D:4      | Killed a necrophage
  1172 | D:4      | You fall into a shaft and drop 3 floors!
  1175 | D:7      | Noticed Harold
  1186 | D:7      | Reached skill level 5 in Conjurations
  1186 | D:7      | Reached skill level 5 in Fire Magic
  1186 | D:7      | Reached XP level 6. HP: 32/32 MP: 5/12
  1225 | D:7      | Noticed Dowan
  1308 | D:7      | Noticed Maggie
  1334 | D:6      | Noticed an orc warrior
  1438 | D:5      | Entered Level 5 of the Dungeon
  1446 | D:5      | Reached skill level 5 in Stealth
  1446 | D:5      | Reached XP level 7. HP: 36/36 MP: 6/13
  1510 | D:4      | Reached skill level 6 in Fire Magic
  1586 | D:4      | Reached skill level 1 in Shields
  1634 | D:4      | Found a sacrificial altar of Ru.
  1795 | D:4      | Found a burning altar of Makhleb.
  1950 | D:5      | Reached XP level 8. HP: 37/41 MP: 1/14
  2066 | D:5      | Noticed Eustachio
  2078 | D:5      | Killed Eustachio
  2079 | D:5      | Reached skill level 7 in Fire Magic
  2100 | D:5      | Noticed Menkaure
  2117 | D:5      | Killed Menkaure
  2567 | D:6      | Reached skill level 8 in Fire Magic
  2682 | D:7      | Reached XP level 9. HP: 45/45 MP: 10/15
  2688 | D:7      | Learned a level 5 spell: Fireball
  2698 | D:7      | Found an ornate altar of the Wu Jian Council.
  2720 | D:7      | Found Ywniw's Distillery.
  2743 | D:7      | Bought a potion of degeneration for 11 gold pieces
  2743 | D:7      | Bought a potion of curing for 33 gold pieces
  2743 | D:7      | Bought a potion of curing for 33 gold pieces
  2743 | D:7      | Bought a potion of invisibility for 88 gold pieces
  2743 | D:7      | Bought a potion of might for 44 gold pieces
  2828 | D:7      | Found a runed translucent door.
  2829 | D:7      | Noticed Crazy Yiuf
  2841 | D:7      | Killed Crazy Yiuf
  2926 | D:7      | Killed Harold
  2927 | D:7      | Reached skill level 9 in Fire Magic
  2975 | D:7      | Reached skill level 5 in Spellcasting
  2975 | D:7      | Splashed by an acid dragon's acid

Illustrated notes

Levels and vault maps discovered:
D:1:      dpeg_arrival_rooms_a, layout_basic, chequers_serial_rivers_large_b,
          minmay_octomino_j4
D:2:      layout_basic, ebering_ecumenical_altar_mist
D:3:      layout_rooms, overflow_temple_1_default, fedhas_altar_1, serial_bayou,
          serial_bayou_pond_a, serial_bayou_crossing, serial_bayou_pond_a,
          serial_bayou_ford_a, uniq_natasha
D:4:      layout_loops_corners, makhleb_blood_cavern_becter,
          nicolae_overflow_crystal_walls, chequers_temple_overflow_minitemple
D:5:      layout_loops_cross, uniq_menkaure, uniq_eustachio
D:6:      layout_rooms
D:7:      layout_loops_ring, nzn_wu_jian_contemplation, temple_hall,
          serial_shops, nicolae_square_shop, minmay_joined_circles, uniq_harold,
          uniq_crazy_yiuf_cottage, uniq_maggie, uniq_duvessa

Skill      XL: |  1  2  3  4  5  6  7  8  9 |
---------------+----------------------------+-----
Conjurations   | 2 3 4 5 6 7 8 |  8.9
Translocations | 1 |  1.0
Fire Magic     | 4 5 6 8 9 |  9.2
Stealth        | 4 5 |  5.0
Shields        | 2 4 |  4.0
Spellcasting   | 5 |  5.1
Dodging        | |  2.4

Action                   |  1- 3 |  4- 6 |  7- 9 || total
-------------------------+-------+-------+-------++-------
Melee: Unarmed           |       |     3 |       ||     3
Throw: Dart              |       |       |     2 ||     2
 Cast: Foxfire           |    55 |    62 |   141 ||   258
       Apportation       |     2 |     2 |     5 ||     9
       Sticky Flame      |       |     2 |     7 ||     9
       Conjure Flame     |       |     1 |     4 ||     5
  Use: Scroll            |       |     2 |     4 ||     6
Armor: Robe              |       |     1 |       ||     1
Dodge: Dodged            |     3 |     8 |     7 ||    18
Block: Buckler           |       |       |     1 ||     1

Table legend: (Time is in decaauts)
 A = Elapsed time spent in this place.
 B = Non-inter-level travel time spent in this place.
 C = Inter-level travel time spent in this place.
 D = Time resting spent in this place.
 E = Time spent auto-exploring this place.
 F = Levels seen in this place.
 G = Mean time per level.
                   A        B        C        D        E       F      G
               +--------+--------+--------+--------+--------+-----+--------+
         Total |   3060 |   3032 |     28 |      0 |      0 |   7 |  437.1 |
       Dungeon |   3060 |   3032 |     28 |      0 |      0 |   7 |  437.1 |
               +--------+--------+--------+--------+--------+-----+--------+

Top non-repeatable levels by time:
     D:4: 682 daAuts
     D:7: 534 daAuts
     D:1: 486 daAuts
     D:5: 438 daAuts
     D:3: 329 daAuts
     D:6: 328 daAuts
     D:2: 261 daAuts
